 Dungeon Crawl Stone Soup version 0.24.0-123-gd5b16e6ec5 (webtiles) character file.

Game seed: 448609262468088066, levelgen mode: deterministic

11686 FishyPogo the Protected (level 11, -9/135 HPs)
             Began as a Demonspawn Venom Mage on Jan 9, 2020.
             Was a Plaything of Xom.
             Splashed by an acid dragon's acid (17 damage)
             ... on level 11 of the Dungeon.
             The game lasted 00:46:32 (9853 turns).

FishyPogo the Protected (Demonspawn Venom Mage)     Turns: 9853, Time: 00:46:32

Health: -9/135     AC: 19    Str: 15    XL:     11   Next: 52%
Magic:  0/15       EV:  2    Int: 17    God:    Xom [......]
Gold:   631        SH:  0    Dex: 22    Spells: 10/16 levels left

rFire    . . .     SeeInvis +   C - +4 dire flail (protect)
rCold    . . .     Gourm    .   (shield currently unavailable)
rNeg     + + +     Faith    .   (armour currently unavailable)
rPois    +         Spirit   +   (helmet currently unavailable)
rElec    .         Reflect  .   (cloak currently unavailable)
rCorr    .         Harm     +   (gloves currently unavailable)
MR       +....     NoTele   +   (boots currently unavailable)
Stlth    ++........             f - amulet of Gezykaugh {Harm *Drain MR+}
HPRegen  0.32/turn              T - +5 ring of strength
MPRegen  0.14/turn              M - +2 ring of protection

@: confused, agile, tree-form, corroded
A: see invisible, agile 1, powered by death 1, magic shield, MP-powered wands
a: Renounce Religion


You were on level 11 of the Dungeon.
You worshipped Xom.
You were a very special plaything of Xom.
You were not hungry.
You were a tree.
You visited 1 branch of the dungeon, and saw 11 of its levels.

You collected 631 gold pieces.

Inventory:

Hand Weapons
 a - a +4 quarterstaff of chaos
 n - a +1 dagger of venom
 C - a +4 dire flail of protection (weapon)
 H - a +3 short sword of draining
 R - a +4 battleaxe
Missiles
 b - 65 poisoned darts
 h - 351 stones
 m - 3 throwing nets
 u - 3 boomerangs (quivered)
 y - 4 javelins
Armour
 r - a +0 pair of boots (melded)
 D - a +0 leather armour
 F - a scarf of resistance (melded)
 O - the +4 ring mail of the Abyss (melded) {+Inv rN++ Int-4 Stlth-}
   (You found it on level 9 of the Dungeon)

   It affects your intelligence (-4).
   It greatly protects you from negative energy.
   It lets you turn invisible.
   It makes you less stealthy.
Jewellery
 f - the amulet of Gezykaugh (around neck) {Harm *Drain MR+}
   (Xom gifted it to you on level 5 of the Dungeon)

   [amulet of harm]

   It increases damage dealt and taken.
   It affects your resistance to hostile enchantments.
   It causes draining when unequipped.
 M - a +2 ring of protection (right branch)
 N - an uncursed ring of positive energy
 P - an uncursed ring of wizardry
 T - a +5 ring of strength (left branch)
Wands
 d - a wand of iceblast (10)
 x - a wand of acid (4)
Scrolls
 g - 5 scrolls of identify
 j - 5 scrolls of teleportation
 o - a scroll of magic mapping
 p - 2 scrolls of fear {unknown}
 s - 6 scrolls of fog {unknown}
 t - 2 scrolls of enchant armour {unknown}
 w - a scroll of blinking {unknown}
 z - 3 scrolls of amnesia {unknown}
 G - 4 scrolls of immolation {unknown}
 I - a scroll of vulnerability {unknown}
 K - 5 scrolls of remove curse
Potions
 e - a potion of haste
 i - 4 potions of curing
 k - 3 potions of agility
 l - 2 potions of lignification
 q - 2 potions of ambrosia
 v - a potion of heal wounds {unknown}
 A - a potion of mutation {unknown}
 E - a potion of flight {unknown}
 J - 2 potions of degeneration {unknown}
 L - a potion of berserk rage {unknown}
Comestibles
 c - 25 rations


   Skills:
 + Level 9.6 Fighting
 - Level 2.0 Short Blades
 + Level 5.8 Maces & Flails
 * Level 9.7 Armour
 + Level 7.2 Dodging
 - Level 2.0 Stealth
 - Level 3.0 Spellcasting
 - Level 4.0 Conjurations
 - Level 4.0 Poison Magic


You had 10 spell levels left.
You knew the following spells:

 Your Spells              Type           Power        Failure   Level  Hunger
a - Sting                 Conj/Pois      ###.         3%          1    None
b - Poisonous Vapours     Pois/Air       #.....       12%         2    ##.....
c - Mephitic Cloud        Conj/Pois/Air  ##......     17%         3    ###....

Your spell library contained the following spells:

 Spells                   Type           Power        Failure   Level  Hunger
 Throw Frost              Conj/Ice       #.....       12%         2    ##.....
 Freeze                   Ice            #...         17%         1    None
 Olgreb's Toxic Radiance  Pois           ###.....     32%         4    ####...
 Ozocubu's Armour         Chrm/Ice       #.......     45%         3    ###....
 Throw Icicle             Conj/Ice       #.......     58%         4    ####...
 Venom Bolt               Conj/Pois      ###.......   67%         5    ######.
 Cause Fear               Hex            #.........   86%         4    ####...
 Summon Ice Beast         Ice/Summ       #.......     86%         4    ####...
 Silence                  Hex/Air        #.........   99%         5    ######.
 Yara's Violent Unravell  Hex/Tmut       #.........   99%         5    ######.
 Deflect Missiles         Chrm/Air       #.........   100%        6    #######
 Discord                  Hex            #.........   100%        8    #######


Dungeon Overview and Level Annotations

Branches:
Dungeon (11/15)            Temple (0/1) D:7            Lair (0/6) D:9
    Orc (0/2) D:11

Altars:
Ashenzari
Dithmenos
Elyvilon
Fedhas
Okawaru
Ru
Sif Muna
Uskayaw
Wu Jian
Xom
Yredelemnul
The Shining One

Shops:
D:7 }


Innate Abilities, Weirdness & Mutations

((You have a pair of small horns on your head.))
You regenerate a little health from kills.
When hurt, damage is shared between your health and your magic reserves.
((When seriously injured, your bleeding wounds create very thick armour. (AC +0)))
((Your skin changes colour to match your surroundings (Stealth+).))
You have supernaturally acute eyesight. (SInv)
You are agile. (Dex +2)
((Your flesh is cold resistant. (rC+)))
You expend magic power (3 MP) to strengthen your wands.


Message History

The acid dragon misses you.
It was a potion of lignification.
You turn into a tree.
Your scarf of resistance melds into your body.
Your +0 pair of boots melds into your body.
The +4 ring mail of the Abyss {+Inv rN++ Int-4 Stlth-} melds into your body.
You feel hot and cold all over.
Your roots penetrate the ground.
Your blood armour dries and flakes away.
The acid dragon bites you.
* * * LOW HITPOINT WARNING * * *
The acid dragon claws you but does no damage.
It was a potion of ambrosia.
You are confused.
You feel invigorated.
Xom is highly amused!
The acid dragon spits acid at you. The splash of acid hits you!
* * * LOW HITPOINT WARNING * * *
You are splashed with acid!
You die...
Xom is highly amused!

##........####.........#. ##
#.........'.##......[..#. .
#.........#.#..........#. #.
#.........'.#...[).[...#. #.
.###.........###...(......#. #.
..#.)...)÷..# #....########
#.####.#.#...#'### #........((..
##......#(##..#.######'##.#######
........†..<...D♣.........>.....#
.#...oo#.#(..#÷######'##.#####.#
#..oo.#.#...#.....#.....# #.#
#..o#.#.#...#####.#.....# #_#
#...#.#.#...# #.#.....# #..
#oo.#.#.#...# #.#.....# ###
#.D?#.#.##.######.#.....#
..oo###'#.##........####### o8...
....###########


You could see an acid dragon.

Vanquished Creatures
  2 two-headed ogres
  2 death yaks (D:9)
  An ugly thing (D:11)
  2 cyclopes (D:9)
  A gargoyle (D:10)
  A centaur zombie (D:8)
  A kobold demonologist (D:11)
  A troll (D:9)
  Grinder (D:4)
  A hippogriff (D:10)
  7 yaks (D:9)
  Sigmund (D:2)
  A hungry ghost (D:11)
  Edmund (D:6)
  2 orc warriors (D:11)
  3 ice beasts
  5 sky beasts
  A black bear (D:10)
  8 ogres
  A phantom (D:10)
  5 centaurs
  2 big kobolds
  6 bullfrogs
  A wyvern zombie (D:11)
  A wyvern skeleton (D:7)
  2 scorpions
  3 wights
  4 killer bees
  4 howler monkeys
  6 crimson imps
  2 bullfrog zombies
  8 hounds
  4 orc priests
  3 jellies
  Crazy Yiuf (D:5)
  3 centaur skeletons
  2 bullfrog skeletons
  6 iguanas
  7 orc wizards
  7 worker ants
  2 hound zombies
  A hound skeleton (D:7)
  2 worker ant zombies
  3 gnolls (D:4)
  10 adders
  A howler monkey skeleton (D:6)
  A shadow imp (D:7)
  An adder zombie (D:8)
  3 worms
  2 dart slugs
  7 leopard geckos
  48 orcs
  10 bats
  7 giant cockroaches
  5 goblins
  8 hobgoblins
  6 jackals
  16 kobolds
  9 quokkas
  5 ball pythons
  6 frilled lizards
  A quokka zombie (D:9)
  8 rats
282 creatures vanquished.

Vanquished Creatures (collateral kills)
  A death yak (D:9)
  A hippogriff (D:10)
  Eustachio (D:6)
  2 yaks (D:9)
  An orc warrior (D:10)
  A howler monkey (D:4)
  An orc wizard (D:10)
  An adder (D:10)
  An ooze (D:4)
  A worm (D:2)
  A leopard gecko (D:2)
  A jackal (D:8)
  A leopard gecko zombie (D:6)
14 creatures vanquished.

Vanquished Creatures (others)
  A yak (D:9)
  A worker ant (D:6)
2 creatures vanquished.

Grand Total: 298 creatures vanquished

Notes
Turn   | Place    | Note
-------+----------+-------------------------------------------
     0 | D:1      | FishyPogo the Demonspawn Venom Mage began the quest for the
                  | Orb.
     0 | D:1      | Reached XP level 1. HP: 13/13 MP: 3/3
   130 | D:1      | Reached skill level 1 in Fighting
   130 | D:1      | Gained mutation: When seriously injured, your bleeding
                  | wounds create armour. (AC +0) [demonic ancestry]
   130 | D:1      | Reached XP level 2. HP: 6/21 MP: 0/5
   134 | D:1      | Learned a level 2 spell: Poisonous Vapours
   852 | D:2      | Found a shadowy altar of Dithmenos.
   867 | D:2      | Reached XP level 3. HP: 28/28 MP: 4/6
  1243 | D:2      | Found a faded altar of an unknown god.
  1251 | D:2      | Became a worshipper of Xom the Unpredictable
  1286 | D:2      | XOM: divination: detect creatures
  1379 | D:2      | Gained mutation: When hurt, damage is shared between your
                  | health and your magic reserves. [demonic ancestry]
  1379 | D:2      | Reached XP level 4. HP: 33/35 MP: 4/7
  1642 | D:2      | Noticed Sigmund
  1643 | D:2      | XOM: cast spell 'Call Canine Familiar'
  1671 | D:2      | Killed Sigmund
  1671 | D:2      | Reached skill level 5 in Fighting
  1671 | D:2      | Reached XP level 5. HP: 25/44 MP: 0/8
  1943 | D:3      | XOM: harmless Chrm miscast
  2111 | D:3      | XOM: potion effect (berserk rage)
  2148 | D:3      | XOM: cloud trail
  2165 | D:3      | Gained mutation: You regenerate a little health from kills.
                  | [demonic ancestry]
  2165 | D:3      | Reached XP level 6. HP: 29/52 MP: 1/9
  2363 | D:3      | XOM: give mutations
  2363 | D:3      | Gained mutation: You expend magic power (3 MP) to
                  | strengthen your wands. [Xom's grace]
  2363 | D:3      | Gained mutation: You have a pair of small horns on your
                  | head. [Xom's grace]
  2363 | D:3      | Gained mutation: Your flesh is cold resistant. (rC+) [Xom's
                  | grace]
  2447 | D:3      | XOM: scenery: create altars
  2529 | D:3      | XOM: scenery: create altars
  2566 | D:4      | Found a basalt altar of Yredelemnul.
  2567 | D:4      | XOM: polymorph worker ant -> hound
  2659 | D:4      | Found a shattered altar of Ashenzari.
  2709 | D:4      | XOM: smoke on damage
  2769 | D:4      | Reached skill level 1 in Armour
  2865 | D:4      | XOM: fog
  2928 | D:4      | XOM: god gift: 3 rations
  2992 | D:4      | Noticed Grinder
  3007 | D:4      | XOM: summons friendly white imp
  3012 | D:4      | Killed Grinder
  3012 | D:4      | Reached skill level 1 in Short Blades
  3012 | D:4      | Gained mutation: When seriously injured, your bleeding
                  | wounds create thick armour. (AC +0) [demonic ancestry]
  3012 | D:4      | Reached XP level 7. HP: 20/58 MP: 4/10
  3223 | D:4      | XOM: scenery: create altars
  3250 | D:4      | XOM: confuse monster(s)
  3481 | D:4      | XOM: give mutations
  3481 | D:4      | Gained mutation: Your skin changes colour to match your
                  | surroundings (Stealth+). [Xom's grace]
  3481 | D:4      | Gained mutation: You have supernaturally acute eyesight.
                  | (SInv) [Xom's grace]
  3536 | D:5      | Entered Level 5 of the Dungeon
  3541 | D:5      | XOM: smoke on damage
  3715 | D:5      | Reached XP level 8. HP: 65/65 MP: 4/12
  3795 | D:5      | Found a shimmering blue altar of Sif Muna.
  3897 | D:5      | Found a runed translucent door.
  3898 | D:5      | Noticed Crazy Yiuf
  3908 | D:5      | Killed Crazy Yiuf
  4054 | D:5      | Found a glowing golden altar of the Shining One.
  4249 | D:5      | XOM is BORED!
  4380 | D:5      | Found an ornate altar of the Wu Jian Council.
  4407 | D:5      | XOM: god gift: glittering golden amulet {god gift}
  4408 | D:5      | Got a glittering golden amulet {god gift}
  4409 | D:5      | Identified the amulet of Gezykaugh {Harm *Drain MR+} (Xom
                  | gifted it to you on level 5 of the Dungeon)
  4451 | D:6      | Noticed Eustachio
  4461 | D:6      | XOM: summons 2 friendly demons
  4475 | D:6      | Killed Eustachio
  4487 | D:6      | Noticed Edmund
  4492 | D:6      | XOM: butterfly on damage
  4563 | D:5      | XOM: 3-stop teleportation journey
  4577 | D:5      | XOM: scenery: create altars
  4666 | D:6      | Found a blossoming altar of Fedhas.
  4842 | D:6      | Learned a level 3 spell: Mephitic Cloud
  4886 | D:6      | XOM: cloud trail
  4979 | D:6      | XOM: god gift: lumpy cyan potion {god gift}
  5039 | D:6      | Killed Edmund
  5068 | D:6      | XOM: give mutation
  5068 | D:6      | Gained mutation: You are agile. (Dex +2) [Xom's grace]
  5098 | D:6      | Reached XP level 9. HP: 65/72 MP: 4/13
  5129 | D:6      | XOM: destruction
  5132 | D:6      | Found a white marble altar of Elyvilon.
  5158 | D:6      | Found a hide-covered altar of Uskayaw.
  5186 | D:6      | Reached skill level 1 in Maces & Flails
  5189 | D:6      | Reached skill level 5 in Armour
  5190 | D:6      | XOM: destruction
  5390 | D:6      | XOM: summons friendly iron imp
  5487 | D:6      | XOM: divination: magic mapping
  5866 | D:7      | Found a staircase to the Ecumenical Temple.
  5920 | D:7      | XOM: scenery: 1 doors close
  5975 | D:7      | XOM: 2-stop teleportation journey
  6068 | D:7      | XOM: 5-stop teleportation journey
  6109 | D:7      | XOM: fog
  6471 | D:7      | Found a sacrificial altar of Ru.
  6496 | D:7      | Found Qykoloub's Gadget Emporium.
  6524 | D:7      | You fall into a shaft and drop 2 floors!
  6544 | D:8      | Found an iron altar of Okawaru.
  6546 | D:8      | Noticed a two-headed ogre
  6553 | D:8      | XOM: summons 9 friendly demons
  6776 | D:8      | Reached skill level 5 in Dodging
  6845 | D:8      | XOM: confuse monster(s)
  6848 | D:8      | XOM: cast spell 'Chain of Chaos'
  6856 | D:8      | Killed a two-headed ogre
  6856 | D:8      | Mutation became permanent: You have a pair of small horns
                  | on your head. [demonic ancestry]
  6856 | D:8      | Gained mutation: You have a pair of small horns on your
                  | head. [demonic ancestry]
  6856 | D:8      | Reached XP level 10. HP: 51/80 MP: 11/14
  6866 | D:8      | XOM: blink monster(s)
  6946 | D:8      | Found a shimmering altar of Xom.
  7246 | D:9      | XOM: medium Chrm miscast
  7388 | D:9      | Noticed a death yak
  7388 | D:9      | Noticed a cyclops
  7392 | D:9      | Noticed a death yak
  7392 | D:9      | Noticed a death yak
  7393 | D:9      | Noticed a cyclops
  7490 | D:9      | Reached skill level 5 in Maces & Flails
  7525 | D:9      | XOM: mild Conj miscast
  7536 | D:9      | XOM: divine lightning
  7538 | D:9      | Killed a death yak
  7540 | D:9      | Killed a death yak
  7590 | D:9      | XOM: cast spell 'Discord'
  7596 | D:9      | XOM: confuse monster(s)
  7604 | D:9      | Killed a death yak
  7737 | D:9      | Got a translucent ring mail
  7867 | D:9      | Killed a cyclops
  7917 | D:9      | XOM: enchant monster (bad)
  7927 | D:9      | Killed a cyclops
  7994 | D:9      | Found a staircase to the Lair.
  8010 | D:9      | XOM: cast spell 'Call Canine Familiar'
  8014 | D:9      | XOM: potion effect (heal wounds)
  8016 | D:9      | XOM: harmless Fire miscast
  8047 | D:9      | Gained mutation: When seriously injured, your bleeding
                  | wounds create very thick armour. (AC +0) [demonic ancestry]
  8047 | D:9      | Reached XP level 11. HP: 59/89 MP: 5/15
  8195 | D:9      | Found a basalt altar of Yredelemnul.
  8396 | D:10     | Entered Level 10 of the Dungeon
  8400 | D:10     | Noticed a two-headed ogre
  8420 | D:9      | Identified the +4 ring mail of the Abyss {+Inv rN++ Int-4
                  | Stlth-} (You found it on level 9 of the Dungeon)
  8528 | D:10     | XOM: noise
  8572 | D:10     | XOM: cast spell 'Leda's Liquefaction'
  8915 | D:10     | XOM: cleaving
  9135 | D:10     | Killed a two-headed ogre
  9330 | D:11     | XOM: scenery: create altars
  9348 | D:11     | XOM: scenery: 1 doors open
  9588 | D:11     | Identified the cursed +0 war axe "Intowadeid" {venom, *Slow
                  | Dex+5}
  9692 | D:11     | Found a staircase to the Orcish Mines.
  9761 | D:11     | XOM: god gift: thick paperback book {god gift}
  9772 | D:11     | Noticed a brown ugly thing
  9804 | D:11     | Killed a purple ugly thing
  9849 | D:11     | HP: 2/90 [acid (9)]
  9851 | D:11     | XOM: silly message
  9853 | D:11     | Splashed by an acid dragon's acid

Levels and vault maps discovered:
D:1:      dpeg_arrival_boxes_within_box, layout_basic
D:2:      layout_rooms, grunt_dithmenos_smoke_and_mirrors,
          chequers_ecumenical_altar_island, uniq_sigmund
D:3:      layout_rooms
D:4:      layout_cave_pools, kennysheep_mini, lemuel_doored_altar, uniq_grinder
D:5:      layout_loops_ring, lemuel_coloured_pillars_altar,
          kennysheep_mini_moat, marbit_many_paths, first_ration,
          uniq_crazy_yiuf_cottage
D:6:      layout_loops_ring, nicolae_overflow_hidden_temple,
          lemuel_crystal_altar, fedhas_ov_isle_minmay, hangedman_decor_riveting,
          uniq_eustachio, uniq_edmund
D:7:      layout_cave_pods, nicolae_ru_path_of_blood, minmay_temple_entry_hall,
          serial_shops, shop
D:8:      layout_rooms, old_standard_altar, okawaru_gym_becter
D:9:      layout_roguey, dpeg_lair_monsters, yredelemnul_altar_generic
D:10:     layout_cave_pools
D:11:     layout_basic, david_orc_2

Skill      XL: |  1  2  3  4  5  6  7  8  9 10 11 |
---------------+----------------------------------+-----
Stealth        | 2 |  2.0
Dodging        | 2 3 4 5 6 7 |  7.2
Fighting       | 1 2 3 5 6 7 8 9 |  9.6
Armour         | 1 2 4 6 8 9 |  9.7
Short Blades   | 1 2 |  2.0
Conjurations   | 2 3 4 |  4.0
Spellcasting   | 3 |  3.0
Poison Magic   | 4 |  4.0
Maces & Flails | 4 5 |  5.8

Action                   |  1- 3 |  4- 6 |  7- 9 | 10-12 || total
-------------------------+-------+-------+-------+-------++-------
Melee: Club              |    16 |       |       |       ||    16
       Unarmed           |     2 |       |       |       ||     2
       Short sword       |    24 |    22 |    47 |     1 ||    94
       Dagger            |       |    64 |    31 |       ||    95
       Headbutt          |       |    12 |    45 |    57 ||   114
       Quarterstaff      |       |       |    82 |       ||    82
       Dire flail        |       |       |   141 |   310 ||   451
Throw: Stone             |       |       |     2 |       ||     2
       Boomerang         |       |       |       |    26 ||    26
 Cast: Sting             |    69 |   100 |    93 |    91 ||   353
       Poisonous Vapours |     3 |     6 |    15 |     6 ||    30
       Mephitic Cloud    |       |       |     1 |    15 ||    16
  Use: Scroll            |     2 |     2 |     1 |     4 ||     9
       Potion            |       |       |       |     5 ||     5
 Stab: Petrified         |       |       |     5 |       ||     5
       Sleeping          |       |       |     7 |     4 ||    11
       Confused          |       |       |     1 |     8 ||     9
  Eat: Chunk             |     3 |     8 |    14 |    16 ||    41
Armor: Robe              |    22 |    25 |    23 |       ||    70
       Leather armour    |       |       |    59 |    46 ||   105
       Ring mail         |       |       |       |    99 ||    99
       Skin              |       |       |       |     1 ||     1
Dodge: Dodged            |    55 |    57 |   222 |   231 ||   565
